 Dungeon Crawl Stone Soup version 0.27-a0-1191-g601b473118 (webtiles) character file.

Game seed: 5365329959640071022

32 leviel the Skirmisher (level 3, 0/33 HPs)
             Began as a Hill Orc Fighter on May 23, 2021.
             Succumbed to an adder's poison
             ... on level 1 of the Dungeon.
             The game lasted 00:02:19 (1485 turns).

leviel the Skirmisher (Hill Orc Fighter)            Turns: 1485, Time: 00:02:19

Health: 0/33       AC:  6    Str: 19    XL:     3   Next: 27%
Magic:  3/3        EV:  7    Int:  8    God:
Gold:   39         SH: 14    Dex: 10    Spells: 2/2 levels left

rFire    . . .     SeeInvis .   a - +0 war axe
rCold    . . .     Faith    .   c - +0 kite shield
rNeg     . . .     Spirit   .   b - +0 scale mail
rPois    .         Reflect  +   (no helmet)
rElec    .         Harm     .   (no cloak)
rCorr    +         Rampage  .   (no gloves)
Will     .....                  (no boots)
Stlth    ..........             i - amulet of reflection
HPRegen  0.11/turn              j - ring of resist corrosion
MPRegen  0.08/turn              (no ring)

@: mighty, lethally poisoned (0 -> -7)
A: no striking features
a: no special abilities


You were on level 1 of the Dungeon.
You visited 1 branch of the dungeon, and saw 2 of its levels.

You collected 39 gold pieces.

Inventory:

Hand Weapons
 a - a +0 war axe (weapon)
Armour
 b - a +0 scale mail (worn)
 c - a +0 kite shield (worn)
Jewellery
 i - an amulet of reflection (around neck)
 j - a ring of resist corrosion (left hand)
Scrolls
 f - a scroll of teleportation
 k - a scroll of magic mapping {unknown}
Potions
 e - 2 potions of curing {unknown}
 g - a potion of haste {unknown}
 h - a potion of heal wounds {unknown}


   Skills:
 + Level 4.1 Fighting
 + Level 3.3 Axes
 + Level 3.6 Armour
 + Level 3.6 Shields


You had 2 spell levels left.
You didn't know any spells.
Your spell library was empty.

Dungeon Overview and Level Annotations

Branches:
Dungeon (2/15)

Altars:


Message History

Done exploring.
No target in view!
(D) Dungeon
Where to? (? - help)
There is a stone staircase leading down here.
You climb downwards.
An adder and 4 gnolls come into view.
The gnoll shouts! x4; The adder hisses angrily.
You hear an angry hiss.
Found 2 gold pieces.
There is a stone staircase leading up here.
There are monsters nearby!
There are monsters nearby!
There are monsters nearby!
You closely miss the gnoll. You barely miss the gnoll.
A bat comes into view.
You block the gnoll's attack. The gnoll hits you with a +0 halberd!
You block the adder's attack.
Your library has no spells.
The gnoll completely misses you. You block the gnoll's attack.
The gnoll closely misses you. You block the adder's attack.
You climb upwards.
There is a stone staircase leading down here.
You feel very mighty all of a sudden. The adder bites you.
You block the gnoll's attack. The gnoll hits you but does no damage.
You hit the gnoll.
The gnoll is lightly wounded.
You miss the adder. You block the adder's attack.
The gnoll hits you with a +0 halberd. You block the gnoll's attack.
The adder bites you.
* * * LOW HITPOINT WARNING * * *
You are poisoned.
The adder poisons you! The gnoll hits you with a +0 halberd.
* * * LOW HITPOINT WARNING * * *
The gnoll hits you from afar with a +0 halberd.
* * * LOW HITPOINT WARNING * * *
You barely miss the gnoll.
The gnoll is lightly wounded.
You closely miss the adder.
You die...

.....#.#.#.....#
..)..#.#...#.#.#
.#####.#####...##########
'#####..................#
...........#....#######.#
...#######.#.#..# #.#
...# #.#.#.g# #.# .).#
#.#.##g## #.# ...#
##.#...S@# #.# ...#
#...###### #.# ...# #...#
#.# ...# #...# #.# ...#
#...# #.# ####
#...###########.##
#................#
##################


You could see 2 gnolls and an adder.

Vanquished Creatures
  2 bats (D:1)
  3 giant cockroaches (D:1)
  4 goblins (D:1)
  4 hobgoblins (D:1)
  4 kobolds (D:1)
  2 quokkas (D:1)
  5 ball pythons (D:1)
  3 frilled lizards (D:1)
27 creatures vanquished.

Notes
Turn   | Place    | Note
-------+----------+-------------------------------------------
     0 | D:1      | leviel the Hill Orc Fighter began the quest for the Orb.
     0 | D:1      | Reached XP level 1. HP: 19/19 MP: 1/1
   379 | D:1      | Reached XP level 2. HP: 19/27 MP: 2/2
   628 | D:1      | Reached skill level 4 in Fighting
   874 | D:1      | Reached XP level 3. HP: 23/33 MP: 3/3
  1485 | D:1      | Succumbed to an adder's poison

Illustrated notes

Levels and vault maps discovered:
D:1:      dpeg_chamrin_arrival_tetris, layout_basic
D:2:      layout_basic, grunt_ministairs_10, minmay_three_crescents,
          uniq_natasha

Skill      XL: |  1  2 |
---------------+-------+-----
Axes           | 3 |  3.3
Fighting       | 4 |  4.1
Armour         | |  3.6
Shields        | |  3.6

Action                   || total
-------------------------++-------
Melee: War axe           ||   102
  Use: Scroll            ||     1
       Potion            ||     1
Armor: Scale mail        ||    43
Dodge: Dodged            ||    33
Block: Kite shield       ||    65

Table legend: (Time is in decaauts)
 A = Elapsed time spent in this place.
 B = Non-inter-level travel time spent in this place.
 C = Inter-level travel time spent in this place.
 D = Time resting spent in this place.
 E = Time spent auto-exploring this place.
 F = Levels seen in this place.
 G = Mean time per level.
                   A        B        C        D        E       F      G
               +--------+--------+--------+--------+--------+-----+--------+
         Total |   1543 |   1532 |     11 |    544 |    732 |   2 |  771.5 |
       Dungeon |   1543 |   1532 |     11 |    544 |    732 |   2 |  771.5 |
               +--------+--------+--------+--------+--------+-----+--------+

Top non-repeatable levels by time:
     D:1: 1540 daAuts
     D:2: 3 daAuts
